 Dungeon Crawl Stone Soup version 0.22-a0-367-gb72a975701 (webtiles) character file.

110 Laan the Magician (level 4, -1/25 HPs)
             Began as a Deep Elf Fire Elementalist on Apr 22, 2018.
             Slain by an orc
             ... wielding a +0 flail
              (9 damage)
             ... on level 3 of the Dungeon.
             The game lasted 00:06:57 (2587 turns).

Laan the Magician (Deep Elf Fire Elementalist)      Turns: 2587, Time: 00:06:58

Health: -1/25      AC:  3    Str:  5    XL:     4   Next: 61%
Magic:  6/12       EV: 14    Int: 21    God:
Gold:   109        SH:  0    Dex: 15    Spells: 3/11 levels left

rFire    . . .     SeeInvis .   p - +1 whip (venom)
rCold    . . .     Gourm    .   (no shield)
rNeg     . . .     Faith    .   a - +0 robe
rPois    .         Spirit   .   (no helmet)
rElec    .         Reflect  .   (no cloak)
rCorr    .         Harm     .   h - +0 pair of gloves
MR       +....                  (no boots)
Stlth    ++........             (no amulet)
HPRegen  0.08/turn              n - ring of protection from magic
MPRegen  0.13/turn              (no ring)

@: no status effects
A: no striking features
a: no special abilities


You were on level 3 of the Dungeon.
You were not hungry.

You visited 1 branch of the dungeon, and saw 3 of its levels.

You collected 109 gold pieces.

Inventory:

Hand Weapons
 g - a +0 short sword
 p - a +1 whip of venom (weapon)
Missiles
 k - 18 poisoned needles
Armour
 a - a +0 robe (worn)
 h - a +0 pair of gloves (worn)
Jewellery
 n - a ring of protection from magic (left hand)
Wands
 m - a wand of random effects (22)
 o - a wand of paralysis (14)
Scrolls
 b - a scroll of identify {unknown}
 d - a scroll of random uselessness {unknown}
 e - 3 scrolls of teleportation {unknown}
 f - 2 scrolls of enchant weapon {unknown}
 i - a scroll of enchant armour {unknown}
 l - a scroll of remove curse {unknown}
 r - a scroll of fog {unknown}
Potions
 j - a potion of heal wounds {unknown}
Comestibles
 c - 6 rations


   Skills:
 + Level 1.3 Fighting
 + Level 3.4 Dodging
 - Level 2.4 Stealth
 + Level 4.0 Spellcasting
 * Level 3.1 Conjurations
 - Level 3.2 Fire Magic


You had 3 spell levels left.
You knew the following spells:

 Your Spells              Type           Power        Failure   Level  Hunger
a - Flame Tongue          Conj/Fire      ###..        3%          1    None
b - Conjure Flame         Conj/Fire      ###.....     10%         3    ###....
c - Sticky Flame          Conj/Fire      ###.....     32%         4    ####...


Dungeon Overview and Level Annotations

Branches:
Dungeon (3/15)

Altars:
Gozag
Hepliaklqana
Ru


Message History

Press: ? - help, Shift-Dir - straight line, f/p - orc
Aim: an orc, wielding a flail and wearing a chain mail The flame tongue hits the orc.
The orc appears unharmed.
The orc closely misses you. x2
Casting: Flame Tongue (safe; 3% risk of failure)
Confirm with . or Enter, or press ? or * to list all spells.
Aiming: Flame Tongue (safe; 3% risk of failure)
Press: ? - help, Shift-Dir - straight line, f/p - orc
Aim: an orc, wielding a flail and wearing a chain mail The flame tongue hits the orc.
The orc appears unharmed.
The orc completely misses you. The orc closely misses you.
Casting: Flame Tongue (safe; 3% risk of failure)
Confirm with . or Enter, or press ? or * to list all spells.
Aiming: Flame Tongue (safe; 3% risk of failure)
Press: ? - help, Shift-Dir - straight line, f/p - orc
Aim: an orc, wielding a flail and wearing a chain mail The flame tongue hits the orc.
The orc appears unharmed.
The orc hits you from afar with a trident.
The orc hits you with a flail!
You die...

#
#.###.#...............†#..#
#
#.............##.......#..#
#
#####..#.##<..##.......##.#
#
######..#.#######.......##.#
# ####.......#.#
##########.# #
#.......##.#.# #####.. #
#..........#.# #......
#.......####.##### #.####.
######### #..@o.# #......
#####o### #####.#
####......# #.#
#####.........# #.#
.........o....# #..
..............# ###
......o.####### # ........#
# ......o.# #


You could see 2 orcs.

Vanquished Creatures
  3 adders (D:2)
  2 worms (D:2)
  A dart slug (D:2)
  5 orcs (D:3)
  5 bats
  5 giant cockroaches
  9 goblins
  8 hobgoblins
  7 jackals (D:3)
  4 kobolds
  A quokka (D:2)
  A ball python (D:3)
  8 frilled lizards
  8 rats
67 creatures vanquished.

Notes
Turn   | Place    | Note
-------+----------+-------------------------------------------
     0 | D:1      | Laan the Deep Elf Fire Elementalist began the quest for the Orb.
     0 | D:1      | Reached XP level 1. HP: 10/10 MP: 6/6
   200 | D:1      | Reached XP level 2. HP: 15/15 MP: 6/8
   889 | D:2      | Reached XP level 3. HP: 20/20 MP: 7/9
   974 | D:2      | Reached skill level 1 in Fighting
  1342 | D:2      | Found a hazy altar of Hepliaklqana.
  1345 | D:2      | Found a sacrificial altar of Ru.
  1348 | D:2      | Found an opulent altar of Gozag.
  1441 | D:2      | Reached XP level 4. HP: 25/25 MP: 8/11
  1616 | D:2      | Learned a level 3 spell: Conjure Flame
  1621 | D:2      | Learned a level 4 spell: Sticky Flame
  2530 | D:3      | Reached skill level 4 in Spellcasting
  2587 | D:3      | Slain by an orc

Vault maps used:
D:1:      dpeg_arrival_more_subterranean_lakeside_camping
D:2:      grunt_temple_overflow_diamond, bh_chokoban, moated_statue

Skill      XL: |  1  2  3  4 |
---------------+-------------+-----
Conjurations   | 2 3 |  3.1
Dodging        | 3 |  3.4
Fighting       | 1 |  1.3
Spellcasting   | 4 |  4.0
Stealth        | |  2.4
Fire Magic     | |  3.2

Action                   |  1- 3 |  4- 6 || total
-------------------------+-------+-------++-------
Melee: Short sword       |     2 |       ||     2
       Dagger            |     1 |       ||     1
       Whip              |       |    20 ||    20
 Cast: Flame Tongue      |    61 |    55 ||   116
  Use: Potion            |     1 |       ||     1
 Stab: Sleeping          |     3 |     3 ||     6
  Eat: Chunk             |     1 |     4 ||     5
Armor: Robe              |     7 |     4 ||    11
Dodge: Dodged            |    22 |    20 ||    42

Table legend:
 A = Spawn XP
 B = Non-spawn XP
 C = Spawn XP percentage of total XP
 D = Spawn monster count
 E = Non-spawn monster count
 F = Spawn count percentage of total count
 G = Total turns spent on level
                    A         B        C        D         E        F      G
               +---------+---------+-------+---------+---------+-------+---------
         Total |       0 |     158 |   0.0 |       0 |      67 |   0.0 |  2587
               +---------+---------+-------+---------+---------+-------+---------
           D:1 |       0 |      27 |   0.0 |       0 |      19 |   0.0 |   600
           D:2 |       0 |      83 |   0.0 |       0 |      24 |   0.0 |  1260
           D:3 |       0 |      48 |   0.0 |       0 |      24 |   0.0 |   727
               +---------+---------+-------+---------+---------+-------+---------
